PL
VANCOUVER GREY WOLVES @ ST. LOUIS COEUR
09/23/2037
 
TOP OF THE 1ST
Vancouver Grey Wolves batting - Pitching for St. Louis Coeur : LHP Will Kirby
Pitching: LHP Will Kirby
Batting: RHB Juanito González 0-0: Foul Ball, location: 2F
0-1: Ball
1-1: Ball
2-1: DOUBLE (Line Drive, 7LS, EV 109.4 MPH)
Batting: RHB Richard Jost 0-0: SINGLE (Groundball, 56D, EV 105.6 MPH)
Juanito González to third
Runner from 3rd tries for Home, SAFE, throw by LF to home
Batting: LHB Johan Kroening 0-0: Ball
1-0: Ball
2-0: Ball
3-0: Called Strike
3-1: Called Strike
3-2: Fly out, F9 (Flyball, 9S, EV 88.1 MPH)
Batting: RHB Ray Skipworth 0-0: Called Strike
0-1: Called Strike
0-2: Ball
1-2: Foul Ball, location: 2F
1-2: Ball
2-2: Fly out, F6 (Popup, 6D, EV 44.4 MPH)
Batting: RHB Oliver Villalva Pickoff Throw to First - Out! 1-3
Top of the 1st over - 1 run, 2 hits, 0 errors, 0 left on base; Vancouver 1 - St. Louis 0
BOTTOM OF THE 1ST
St. Louis Coeur batting - Pitching for Vancouver Grey Wolves : RHP Ambrose Randall
Pitching: RHP Ambrose Randall
Batting: RHB Eugene Bennett 0-0: Called Strike
0-1: Ball
1-1: Foul Ball, location: 2F
1-2: Strikes out looking
Batting: RHB Nobuhisa Murakami 0-0: Called Strike
0-1: Ball
1-1: Swinging Strike
1-2: Ball
2-2: Ground out 5-3 (Groundball, 56, EV 106.9 MPH)
Batting: LHB Dean Jackson 0-0: Ground out 4-3 (Groundball, 4, EV 107.5 MPH)
Bottom of the 1st over - 0 runs, 0 hits, 0 errors, 0 left on base; Vancouver 1 - St. Louis 0
TOP OF THE 2ND
Vancouver Grey Wolves batting - Pitching for St. Louis Coeur : LHP Will Kirby
Batting: RHB Oliver Villalva 0-0: DOUBLE (Flyball, 9LD, EV 105.6 MPH)
Batting: RHB José de la Cavallería 0-0: Ball
1-0: Called Strike
1-1: Ball
2-1: Ball
3-1: Ground out 5-3 (Groundball, 5S, EV 83.1 MPH)
Batting: LHB Michael Malloy 0-0: Ball
1-0: Called Strike
1-1: Fly out, F7 (Flyball, 7S, EV 94.4 MPH)
Batting: RHB Ángelo Delgado 0-0: Ground out 1-3 (Groundball, 25, EV 87.5 MPH)
Top of the 2nd over - 0 runs, 1 hit, 0 errors, 1 left on base; Vancouver 1 - St. Louis 0
BOTTOM OF THE 2ND
St. Louis Coeur batting - Pitching for Vancouver Grey Wolves : RHP Ambrose Randall
Batting: LHB Qing-nian Zexian 0-0: Ball
1-0: Swinging Strike
1-1: Ball
2-1: Ball
3-1: Fly out, F6 (Popup, 6, EV 65.0 MPH)
Batting: RHB Jur Prokop 0-0: Ball
1-0: Called Strike
1-1: Ball
2-1: Foul Ball, location: 2F
2-2: Foul Ball, location: 2F
2-2: Strikes out swinging
Batting: RHB Phil McCroskey 0-0: Called Strike
0-1: Ball
1-1: SINGLE (Flyball, 89S, EV 83.1 MPH)
Batting: RHB Shimei Miura 0-0: Fielders Choice at 2nd, 6-4 (Groundball, 6, EV 91.2 MPH)
Bottom of the 2nd over - 0 runs, 1 hit, 0 errors, 1 left on base; Vancouver 1 - St. Louis 0
TOP OF THE 3RD
Vancouver Grey Wolves batting - Pitching for St. Louis Coeur : LHP Will Kirby
Batting: RHB Urs van Munster 0-0: Called Strike
0-1: Swinging Strike
0-2: Strikes out swinging
Batting: RHB Juanito González 0-0: Ball
1-0: Ground out 5-3 (Groundball, 5S, EV 88.8 MPH)
Batting: RHB Richard Jost 0-0: Called Strike
0-1: Foul Ball, location: 2F
0-2: Ball
1-2: Strikes out swinging
Top of the 3rd over - 0 runs, 0 hits, 0 errors, 0 left on base; Vancouver 1 - St. Louis 0
BOTTOM OF THE 3RD
St. Louis Coeur batting - Pitching for Vancouver Grey Wolves : RHP Ambrose Randall
Batting: RHB José Santos 0-0: Called Strike
0-1: Ball
1-1: Ball
2-1: Called Strike
2-2: Ball
3-2: SINGLE (Line Drive, 78S, EV 90.6 MPH)
Batting: RHB Jack Bonner 0-0: Foul Ball, location: 2F
0-1: Called Strike
0-2: Ball
1-2: Ball
José Santos steals 2nd base
2-2: Foul Ball, location: 2F
2-2: Strikes out swinging
Batting: RHB Eugene Bennett 0-0: Ball
1-0: Ball
2-0: Ball
3-0: Called Strike
3-1: Called Strike
3-2: Ground out 5-3 (Groundball, 56, EV 90.0 MPH)
Batting: RHB Nobuhisa Murakami 0-0: Called Strike
0-1: Ball
1-1: DOUBLE (Flyball, 78XD, EV 99.4 MPH)
José Santos scores
Batting: LHB Dean Jackson 0-0: Foul Ball, location: 2F
0-1: Swinging Strike
0-2: Ball
1-2: Foul Ball, location: 2F
1-2: Strikes out swinging
Bottom of the 3rd over - 1 run, 2 hits, 0 errors, 1 left on base; Vancouver 1 - St. Louis 1
TOP OF THE 4TH
Vancouver Grey Wolves batting - Pitching for St. Louis Coeur : LHP Will Kirby
Batting: LHB Johan Kroening 0-0: Ball
1-0: Fly out, F6 (Flyball, 6D, EV 85.6 MPH)
Batting: RHB Ray Skipworth 0-0: Foul Ball, location: 2F
0-1: Swinging Strike
0-2: Strikes out swinging
Batting: RHB Oliver Villalva 0-0: Swinging Strike
0-1: Swinging Strike
0-2: Ball
1-2: Ball
2-2: Fly out, F8 (Flyball, 8RD, EV 88.1 MPH)
Top of the 4th over - 0 runs, 0 hits, 0 errors, 0 left on base; Vancouver 1 - St. Louis 1
BOTTOM OF THE 4TH
St. Louis Coeur batting - Pitching for Vancouver Grey Wolves : RHP Ambrose Randall
Batting: LHB Qing-nian Zexian 0-0: Ball
1-0: Ball
2-0: Ball
3-0: Base on Balls
Batting: RHB Jur Prokop 0-0: Called Strike
0-1: Ball
1-1: Ball
2-1: Grounds into double play, 6-4-3 (Groundball, 6, EV 96.2 MPH)
Batting: RHB Phil McCroskey 0-0: Foul Ball, location: 2F
0-1: SINGLE (Line Drive, 7S, EV 94.4 MPH)
Batting: RHB Shimei Miura 0-0: Called Strike
Phil McCroskey steals 2nd base
0-1: Ball
1-1: Ball
2-1: Fly out, F7 (Flyball, 7LS, EV 83.8 MPH)
Bottom of the 4th over - 0 runs, 1 hit, 0 errors, 1 left on base; Vancouver 1 - St. Louis 1
TOP OF THE 5TH
Vancouver Grey Wolves batting - Pitching for St. Louis Coeur : LHP Will Kirby
Batting: RHB José de la Cavallería 0-0: Swinging Strike
0-1: SINGLE (Groundball, 6MD, EV 96.9 MPH)
Batting: LHB Michael Malloy 0-0: Called Strike
0-1: Ball
1-1: Ball
2-1: Foul Ball, location: 2F
2-2: Strikes out swinging
Batting: RHB Ángelo Delgado 0-0: Called Strike
0-1: SINGLE (Line Drive, 89S, EV 91.9 MPH)
José de la Cavallería to second
Batting: RHB Urs van Munster 0-0: Foul Ball, location: 2F
0-1: Called Strike
0-2: Hit by Pitch
José de la Cavallería to third
Ángelo Delgado to second
Batting: RHB Juanito González 0-0: Ball
1-0: Foul Ball, location: 2F
1-1: Called Strike
1-2: Foul Ball, location: 2F
1-2: Grounds into double play, U5-3 (Groundball, 5L, EV 98.1 MPH)
Top of the 5th over - 0 runs, 2 hits, 0 errors, 2 left on base; Vancouver 1 - St. Louis 1
BOTTOM OF THE 5TH
St. Louis Coeur batting - Pitching for Vancouver Grey Wolves : RHP Ambrose Randall
Batting: RHB José Santos 0-0: SINGLE (Groundball, 6MD, EV 100.0 MPH)
Batting: RHB Jack Bonner 0-0: Ball
José Santos is caught stealing 2nd base 2-4
1-0: Ball
2-0: Ball
3-0: Base on Balls
Batting: RHB Eugene Bennett 0-0: Fly out, F8 (Flyball, 8LS, EV 90.6 MPH)
Batting: RHB Nobuhisa Murakami 0-0: SINGLE (Line Drive, 3D, EV 99.4 MPH)
Jack Bonner to second
Batting: LHB Dean Jackson 0-0: Ball
1-0: Ground out 4-3 (Groundball, 4, EV 90.0 MPH)
Bottom of the 5th over - 0 runs, 2 hits, 0 errors, 2 left on base; Vancouver 1 - St. Louis 1
TOP OF THE 6TH
Vancouver Grey Wolves batting - Pitching for St. Louis Coeur : LHP Will Kirby
Batting: RHB Richard Jost 0-0: Ball
1-0: Ball
2-0: Fly out, F1 (Line Drive, P, EV 68.1 MPH)
Batting: LHB Johan Kroening 0-0: Fly out, F9 (Line Drive, 9D, EV 85.0 MPH)
Batting: RHB Ray Skipworth 0-0: Called Strike
0-1: Foul Ball, location: 2F
0-2: Ball
1-2: Ball
2-2: Ball
3-2: Foul Ball, location: 2F
3-2: Strikes out looking
Top of the 6th over - 0 runs, 0 hits, 0 errors, 0 left on base; Vancouver 1 - St. Louis 1
BOTTOM OF THE 6TH
St. Louis Coeur batting - Pitching for Vancouver Grey Wolves : RHP Ambrose Randall
Batting: LHB Qing-nian Zexian 0-0: Called Strike
0-1: Ball
1-1: Foul Ball, location: 2F
1-2: Ball
2-2: Foul Ball, location: 2F
2-2: Foul Ball, location: 2F
2-2: Fly out, F9 (Flyball, 9, EV 93.1 MPH)
Batting: RHB Jur Prokop 0-0: Called Strike
0-1: Ball
1-1: Ball
2-1: Swinging Strike
2-2: Ball
3-2: Foul Ball, location: 2F
3-2: SINGLE (Groundball, 6MD, EV 106.9 MPH)
Batting: RHB Phil McCroskey 0-0: Called Strike
0-1: Foul Ball, location: 2F
0-2: SINGLE (Line Drive, 8LS, EV 100.0 MPH)
Jur Prokop to second
Batting: RHB Shimei Miura 0-0: Ball
1-0: Called Strike
1-1: Grounds into double play, 6-4-3 (Groundball, 6, EV 91.9 MPH)
Bottom of the 6th over - 0 runs, 2 hits, 0 errors, 1 left on base; Vancouver 1 - St. Louis 1
TOP OF THE 7TH
Vancouver Grey Wolves batting - Pitching for St. Louis Coeur : LHP Will Kirby
Batting: RHB Oliver Villalva 0-0: Called Strike
0-1: Ball
1-1: Ball
2-1: Called Strike
2-2: Foul Ball, location: 2F
2-2: Ball
3-2: Base on Balls
Batting: RHB José de la Cavallería 0-0: Called Strike
0-1: Called Strike
0-2: SINGLE (Line Drive, 8LS, EV 107.5 MPH)
Oliver Villalva to second
Batting: LHB Michael Malloy 0-0: Called Strike
0-1: Ball
1-1: Ball
2-1: Foul Ball, location: 2F
2-2: Ball
3-2: Fly out, F7 (Line Drive, 7D, EV 109.4 MPH)
Pitching: LHP Denie Ulderink
Batting: RHB Ángelo Delgado 0-0: Ball
1-0: Ball
2-0: Foul Ball, location: 2F
2-1: Foul Ball, location: 2F
2-2: Ball
3-2: Foul Ball, location: 2F
3-2: Foul Ball, location: 2F
3-2: Ground out 4-3 (Groundball, 4, EV 85.0 MPH)
Oliver Villalva to third
José de la Cavallería to second
Batting: RHB Urs van Munster 0-0: Foul Ball, location: 2F
0-1: Swinging Strike
0-2: Ground out 6-3 (Groundball, 56, EV 97.5 MPH)
Top of the 7th over - 0 runs, 1 hit, 0 errors, 2 left on base; Vancouver 1 - St. Louis 1
BOTTOM OF THE 7TH
St. Louis Coeur batting - Pitching for Vancouver Grey Wolves : RHP Ambrose Randall
Batting: RHB José Santos 0-0: Called Strike
0-1: Ball
1-1: DOUBLE (Line Drive, 3D, EV 100.0 MPH)
Pitching: RHP António Marés
Batting: RHB Jack Bonner 0-0: Swinging Strike
0-1: Called Strike
0-2: Strikes out looking
Batting: RHB Eugene Bennett 0-0: Swinging Strike
0-1: Called Strike
0-2: Foul Ball, location: 2F
0-2: Ball
1-2: Fly out, F8 (Line Drive, 8LM, EV 95.0 MPH)
Batting: RHB Nobuhisa Murakami 0-0: SINGLE (Groundball, 6MD, EV 106.9 MPH)
José Santos to third
Runner from 3rd tries for Home, SAFE, no throw by CF
Batting: LHB Dean Jackson 0-0: Ball
1-0: Ball
2-0: SINGLE (Groundball, 34S, EV 66.9 MPH) (infield hit)
Nobuhisa Murakami to second
Batting: LHB Qing-nian Zexian 0-0: Ball
1-0: Ball
2-0: Ball
3-0: Base on Balls
Nobuhisa Murakami to third
Dean Jackson to second
Batting: RHB Jur Prokop 0-0: Swinging Strike
0-1: Foul Ball, location: 2F
0-2: Ball
1-2: Ball
2-2: Strikes out swinging
Bottom of the 7th over - 1 run, 3 hits, 0 errors, 3 left on base; Vancouver 1 - St. Louis 2
TOP OF THE 8TH
Vancouver Grey Wolves batting - Pitching for St. Louis Coeur : LHP Denie Ulderink
Batting: RHB Juanito González 0-0: Ball
1-0: Swinging Strike
1-1: Foul Ball, location: 2F
1-2: Ball
2-2: Foul Ball, location: 2F
2-2: Ball
3-2: Base on Balls
Pitching: RHP Szekeres Panna
Batting: RHB Richard Jost 0-0: Ball
1-0: Foul Ball, location: 2F
1-1: Swinging Strike
1-2: Ball
2-2: Fielders Choice at 2nd, 1-4 (Groundball, 25, EV 89.4 MPH)
Batting: LHB Johan Kroening 0-0: Swinging Strike
0-1: Swinging Strike
0-2: Strikes out swinging
Batting: RHB Ray Skipworth 0-0: Ball
1-0: Foul Ball, location: 2F
1-1: Ball
2-1: Ball
3-1: SINGLE (Groundball, 6S, EV 60.6 MPH) (infield hit)
Richard Jost to second
Batting: RHB Oliver Villalva 0-0: Ball
1-0: Fly out, F8 (Flyball, 8LM, EV 87.5 MPH)
Top of the 8th over - 0 runs, 1 hit, 0 errors, 2 left on base; Vancouver 1 - St. Louis 2
BOTTOM OF THE 8TH
St. Louis Coeur batting - Pitching for Vancouver Grey Wolves : RHP António Marés
Pitching: LHP Sjaak Bonne
Batting: RHB Phil McCroskey 0-0: DOUBLE (Line Drive, 9LS, EV 96.2 MPH)
Batting: RHB Shimei Miura 0-0: Ball
1-0: Called Strike
1-1: Fly out, F9 (Flyball, 89D, EV 98.8 MPH)
Runner from 2nd tags up, SAFE at 3rd, no throw by RF
Batting: RHB José Santos 0-0: Swinging Strike
0-1: Swinging Strike
0-2: Strikes out swinging
Batting: RHB Jack Bonner 0-0: Ball
1-0: Reached on error, E6 (Groundball, 6, EV 89.4 MPH)
Phil McCroskey scores
Batting: RHB Eugene Bennett 0-0: Ground out 6-3 (Groundball, 6D, EV 101.9 MPH)
Bottom of the 8th over - 1 run, 1 hit, 1 error, 1 left on base; Vancouver 1 - St. Louis 3
TOP OF THE 9TH
Vancouver Grey Wolves batting - Pitching for St. Louis Coeur : RHP Szekeres Panna
Batting: RHB José de la Cavallería 0-0: Swinging Strike
0-1: Fly out, F4 (Line Drive, 4, EV 69.4 MPH)
Batting: LHB Michael Malloy 0-0: Foul Ball, location: 2F
0-1: Ball
1-1: Called Strike
1-2: Foul Ball, location: 2F
1-2: Ball
2-2: Ball
3-2: Fly out, F2 (Popup, 2L, EV 90.6 MPH)
Batting: RHB Ángelo Delgado 0-0: Ball
1-0: Foul Ball, location: 2F
1-1: Foul Ball, location: 2F
1-2: Fly out, F9 (Flyball, 9D, EV 104.4 MPH)
Top of the 9th over - 0 runs, 0 hits, 0 errors, 0 left on base; Vancouver 1 - St. Louis 3
Thursday, January 23rd, 2020 - OOTP Baseball 20.8 Build 74